 Dungeon Crawl Stone Soup version 0.31-a0-1611-g890cdf5628 (webtiles) character file.

Game seed: 6686661053962993370

254 Lobster4 the Gusty (level 6, -3/35 HPs)
             Began as a Tengu Air Elementalist on Jan 8, 2024.
             Killed by psychic fangs
             ... invoked by a brain worm
              (12 damage)
             ... in a sewer.
             The game lasted 00:06:55 (2233 turns).

Lobster4 the Gusty (Tengu Air Elementalist)         Turns: 2233, Time: 00:06:56

Health: -3/35      AC:  2    Str:  9    XL:     6   Next: 15%
Magic:  1/11       EV: 28    Int: 17    God:
Gold:   42         SH:  0    Dex: 14    Spells: 4/10 levels left

rFire   . . .        k - +0 short sword
rCold   . . .        (no shield)
rNeg    . . .        a - +0 robe
rPois   .            (helmet restricted)
rElec   .            (no cloak)
rCorr   .            (no gloves)
SInv    .            (boots unavailable)
Will    .....        (no amulet)
Stlth   ++           (no ring)
HPRegen 0.25/turn    (no ring)
MPRegen 0.12/turn

%: acrobat
@: acrobatic
A: beak, talons 3, acrobatic
a: no special abilities


You were in a sewer.
You visited 1 branch of the dungeon, and saw 3 of its levels.
You also visited: Sewer.

You collected 42 gold pieces.

Inventory:

Hand Weapons
 i - a +0 shortbow
 k - a +0 short sword (weapon)
Missiles
 c - 26 stones
Armour
 a - a +0 robe (worn)
 f - a +0 ring mail
 j - a +0 buckler
Jewellery
 g - a +6 ring of dexterity
Scrolls
 d - a scroll of enchant weapon
 e - a scroll of brand weapon {unknown}
 h - a scroll of amnesia
 l - a scroll of enchant armour {unknown}
 m - a scroll of fog {unknown}
 n - a scroll of noise
 p - a scroll of fear {unknown}
Potions
 b - 2 potions of magic
 o - a potion of resistance {unknown}
 q - a potion of invisibility {unknown}
 H - 2 potions of heal wounds


   Skills:
 + Level 2.0 Fighting
 + Level 2.1 Armour
 - Level 3.0 Dodging
 - Level 2.0 Stealth
 + Level 1.5 Shields
 + Level 2.6 Spellcasting
 + Level 2.9 Conjurations
 * Level 5.6 Air Magic


You had 4 spell levels left.
You knew the following spells:

 Your Spells              Type           Power      Damage    Failure   Level
a - Shock                 Conj/Air       64%        1d7       3%          1
b - Static Discharge      Conj/Air       32%        3-5/arc   4%          2
s - Swiftness             Air            21%        N/A       5%          3

Your spell library contained the following spells:

 Spells                   Type           Power      Damage    Failure   Level
 Airstrike                Air            10%        2d(2-18)  19%         4


Dungeon Overview and Level Annotations

Branches:
Dungeon (4/15)              Sewer (1/1)
 Temple: D:4-7

Altars:


Innate Abilities, Weirdness & Mutations

You have a beak for a mouth.
You have claws for feet.
You can magically evade attacks while moving or waiting.


Message History

The frilled lizard hisses angrily.
The brain worm's throbbing head pulsates.
Something gnaws on your mind!
You feel your power leaking away.
Casting: Shock (safe; 3% risk of failure)
Confirm with . or Enter, or press ? or * to list all spells.
Aiming: Shock (safe; 3% risk of failure)
Press: ? - help, Shift-Dir - straight line, f/p - brain worm
Aim: a brain worm (moderately wounded, 90% to hit)
The zap hits the brain worm.
The brain worm is heavily wounded.
Casting: Shock (safe; 3% risk of failure)
Confirm with . or Enter, or press ? or * to list all spells.
Aiming: Shock (safe; 3% risk of failure)
Press: ? - help, Shift-Dir - straight line, f/p - brain worm
Aim: a brain worm (moderately wounded, 90% to hit)
The zap hits the brain worm.
The brain worm is severely wounded.
Casting: Shock (safe; 3% risk of failure)
Confirm with . or Enter, or press ? or * to list all spells.
Aiming: Shock (safe; 3% risk of failure)
Press: ? - help, Shift-Dir - straight line, f/p - brain worm
Aim: a brain worm (heavily wounded, 90% to hit)
The zap hits the brain worm.
The brain worm is almost dead.
Casting: Shock (safe; 3% risk of failure)
Confirm with . or Enter, or press ? or * to list all spells.
Aiming: Shock (safe; 3% risk of failure)
Press: ? - help, Shift-Dir - straight line, f/p - brain worm
Aim: a brain worm (severely wounded, 90% to hit)
The zap hits the brain worm.
The brain worm is almost dead.
The brain worm's bulging head throbs.
Something gnaws heavily on your mind!
* * * LOW HITPOINT WARNING * * *
You aren't carrying any items that you can evoke.
Unknown command.
The brain worm's throbbing head pulsates.
Something gnaws heavily on your mind!
You die...

########################
~~...wl@.....~~~..~.~..~
....~~~.~~.~~~~.~~.~..~.
################.#######
#~# #~# #~# #~# #~# #~#


You could see a brain worm and a frilled lizard.

Vanquished Creatures
  A centaur (D:4)
  A brain worm (Sewer)
  5 adders
  2 river rats
  A dart slug (D:1)
  5 bats
  5 endoplasms (D:1)
  A giant cockroach (D:1)
  4 goblins
  4 hobgoblins
  A quokka (D:1)
  6 ball pythons
  4 frilled lizards
  3 kobolds (D:1)
  10 rats
53 creatures vanquished.

Notes
Turn   | Place    | Note
-------+----------+-------------------------------------------
     0 | D:1      | Lobster4 the Tengu Air Elementalist began the quest for the
                  | Orb.
     0 | D:1      | Reached XP level 1. HP: 10/10 MP: 4/4
   201 | D:1      | Found a faded altar of an unknown god.
   320 | D:1      | Reached XP level 2. HP: 16/16 MP: 1/6
   618 | D:1      | Reached XP level 3. HP: 20/20 MP: 5/7
   712 | D:1      | Learned a level 2 spell: Static Discharge
  1043 | D:1      | Reached skill level 1 in Fighting
  1288 | D:2      | You fall into a shaft and drop 2 floors!
  1292 | D:4      | Noticed a centaur
  1298 | D:4      | Found a glowing drain.
  1312 | D:4      | Killed a centaur
  1313 | D:4      | Reached skill level 1 in Armour
  1313 | D:4      | Reached skill level 1 in Shields
  1313 | D:4      | Reached skill level 5 in Air Magic
  1313 | D:4      | Reached XP level 4. HP: 5/25 MP: 3/8
  1325 | D:4      | Learned a level 3 spell: Swiftness
  1448 | D:4      | Reached XP level 5. HP: 15/29 MP: 1/9
  1512 | Sewer    | Entered a sewer
  1847 | Sewer    | Reached XP level 6. HP: 32/35 MP: 0/10
  2233 | Sewer    | Killed from afar by a brain worm

Illustrated notes

Levels and vault maps discovered:
D:1:      matt_arrival_diagonals, layout_basic,
          dilly_ecumenical_altar_fadedgnrine
D:2:      layout_rooms, minmay_misc_feat_encased
D:4:      layout_gridville, portal_sewer_entry_c
Sewer:    sewer_co_cracked_pipes

Skill      XL: |  1  2  3  4  5  6 |
---------------+-------------------+-----
Fighting       | 1 2 |  2.0
Armour         | 1 2 |  2.1
Shields        | 1 |  1.5
Conjurations   | 2 |  2.9
Air Magic      | 5 |  5.6
Dodging        | 3 |  3.0
Stealth        | |  2.0
Spellcasting   | |  2.6

Action                     |  1- 3 |  4- 6 || total
---------------------------+-------+-------++-------
  Melee: Unarmed           |     4 |       ||     4
         Peck              |     4 |       ||     4
         Kick              |     2 |     4 ||     6
         Short sword       |     4 |     9 ||    13
   Cast: Shock             |    54 |    55 ||   109
         Static Discharge  |     2 |     6 ||     8
    Use: Scroll            |     3 |     3 ||     6
   Stab: Sleeping          |     1 |       ||     1
 Armour: Robe              |    17 |    17 ||    34
  Dodge: Dodged            |    29 |    21 ||    50

Table legend: (Time is in decaauts)
 A = Elapsed time spent in this place.
 B = Non-inter-level travel time spent in this place.
 C = Inter-level travel time spent in this place.
 D = Time resting spent in this place.
 E = Time spent auto-exploring this place.
 F = Levels seen in this place.
 G = Mean time per level.
                   A        B        C        D        E       F      G
               +--------+--------+--------+--------+--------+-----+--------+
         Total |   2268 |   2226 |     42 |    602 |   1184 |   4 |  567.0 |
       Dungeon |   1512 |   1470 |     42 |    281 |    881 |   3 |  504.0 |
         Sewer |    756 |    756 |      0 |    321 |    303 |   1 |  756.0 |
               +--------+--------+--------+--------+--------+-----+--------+

Top non-repeatable levels by time:
     D:1: 1217 daAuts
   Sewer: 756 daAuts
     D:4: 224 daAuts
     D:2: 69 daAuts
